 Dungeon Crawl Stone Soup version 0.21.1-1-g345015fe64 (webtiles) character file.

45 Freyura the Shield-Bearer (level 3, -9/33 HPs)
             Began as a Minotaur Fighter on May 24, 2018.
             Was an Initiate of Okawaru.
             Killed by divine providence
             ... invoked by an orc priest
              (14 damage)
             ... on level 3 of the Dungeon.
             The game lasted 00:03:40 (1649 turns).

Freyura the Shield-Bearer (Minotaur Fighter)        Turns: 1649, Time: 00:03:40

Health: -9/33      AC:  9    Str: 20    XL:     3   Next: 42%
Magic:  2/2        EV:  5    Int:  5    God:    Okawaru [......]
Gold:   108        SH:  9    Dex: 10    Spells: 2/2 levels left

rFire    . . .     SeeInvis .   a - +0 flail
rCold    . . .     Gourm    .   c - +0 shield
rNeg     . . .     Faith    .   m - +0 chain mail
rPois    .         Spirit   .   (helmet restricted)
rElec    .         Reflect  .   (no cloak)
rCorr    .         Harm     .   (no gloves)
MR       .....                  (no boots)
Stlth    ..........             (no amulet)
HPRegen  0.11/turn              (no ring)
MPRegen  0.08/turn              (no ring)

@: no status effects
A: retaliatory headbutt, horns 2
a: Renounce Religion


You were on level 3 of the Dungeon.
You worshipped Okawaru.
Okawaru was noncommittal.
You were full.

You visited 1 branch of the dungeon, and saw 3 of its levels.

You collected 108 gold pieces.

Inventory:

Hand Weapons
 a - a +0 flail (weapon)
Armour
 b - a +0 scale mail
 c - a +0 shield (worn)
 m - a +0 chain mail (worn)
Scrolls
 e - 2 scrolls of identify
 g - 2 scrolls of remove curse {unknown}
 k - a scroll of fog {unknown}
 l - a scroll of noise {unknown}
Potions
 d - a potion of might
 h - 3 potions of heal wounds
 i - a potion of curing
 j - 2 potions of magic
Comestibles
 f - a ration


   Skills:
 + Level 4.1 Fighting
 * Level 2.8 Maces & Flails
 + Level 4.1 Armour
 + Level 0.5 Dodging
 + Level 4.3 Shields
 + Level 0.0 Invocations


You had 2 spell levels left.
You didn't know any spells.

Dungeon Overview and Level Annotations

Branches:
Dungeon (3/15)

Altars:
Elyvilon
Okawaru
Xom
Yredelemnul
Zin


Innate Abilities, Weirdness & Mutations

You reflexively headbutt those who attack you in melee.
You have a pair of horns on your head.


Message History

The orc priest invokes the aid of Beogh against you.
Beogh smites you!
* * * LOW HITPOINT WARNING * * *
Your shield and chain mail prevent you from hitting the orc priest.
Your headbutt misses the orc priest.
The orc priest is lightly wounded.
The orc priest calls down the wrath of Beogh upon you.
Pain shoots through your body!
* * * LOW HITPOINT WARNING * * *
Your shield and chain mail prevent you from hitting the orc priest.
The orc priest is lightly wounded.
The orc priest calls down the wrath of Beogh upon you.
Pain shoots through your body!
* * * LOW HITPOINT WARNING * * *
You block the orc priest's attack.
You sock the orc priest!
The orc priest is almost dead.
The orc priest mumbles some strange prayers to Beogh against you.
Beogh smites you!
You die...

.!.).....
########.# o...
...## #........#
._........
#.######## ..⌠
... #.# ......
#.# #.#.#.#.#
#.# ........#
#.#
#.############.#
#....o@........#
################


You could see an orc priest.

Vanquished Creatures
  An adder skeleton (D:2)
  A worm (D:3)
  3 leopard geckos
  2 bats
  3 giant cockroaches (D:1)
  5 goblins (D:1)
  6 hobgoblins
  2 jackals (D:1)
  7 kobolds
  2 frilled lizards
32 creatures vanquished.

Notes
Turn   | Place    | Note
-------+----------+-------------------------------------------
     0 | D:1      | Freyura the Minotaur Fighter began the quest for the Orb.
     0 | D:1      | Reached XP level 1. HP: 19/19 MP: 0/0
    73 | D:1      | Reached XP level 2. HP: 23/27 MP: 1/1
   758 | D:1      | Reached XP level 3. HP: 29/33 MP: 2/2
   929 | D:2      | Found a glowing silver altar of Zin.
  1054 | D:2      | Found an iron altar of Okawaru.
  1078 | D:2      | Became a worshipper of Warmaster Okawaru
  1095 | D:2      | Found a shimmering altar of Xom.
  1424 | D:2      | Found a basalt altar of Yredelemnul.
  1632 | D:3      | Found a white marble altar of Elyvilon.
  1649 | D:3      | Killed from afar by an orc priest

Skill      XL: |  1  2 |
---------------+-------+-----
Shields        | 4 |  4.3
Fighting       | 4 |  4.1
Armour         | 4 |  4.1
Maces & Flails | |  2.8
Dodging        | |  0.5

Action                   || total
-------------------------++-------
Melee: Flail             ||    73
       Headbutt          ||    18
  Use: Scroll            ||     4
  Eat: Ration            ||     2
Armor: Scale mail        ||    30
Dodge: Dodged            ||    13
Block: Shield            ||    33
